 Dungeon Crawl Stone Soup version 0.26.0-16-gc1dbca0489 (webtiles) character file.

Game seed: 9961567269470686840

160 teolandon225 the Sneak (level 5, -6/24 HPs)
             Began as a Spriggan Enchanter on Jan 21, 2021.
             Mangled by a water moccasin (7 damage)
             ... in a sewer.
             The game lasted 00:05:50 (3219 turns).

teolandon225 the Sneak (Spriggan Enchanter)         Turns: 3219, Time: 00:05:50

Health: -6/24      AC:  2    Str:  4    XL:     5   Next: 17%
Magic:  0/10       EV: 19    Int: 17    God:
Gold:   111        SH:  0    Dex: 17    Spells: 3/9 levels left

rFire    . . .     SeeInvis +   e - +2 dagger (venom)
rCold    . . .     Faith    .   (shield restricted)
rNeg     . . .     Spirit   .   b - +0 robe
rPois    .         Reflect  .   (helmet restricted)
rElec    .         Harm     .   (no cloak)
rCorr    .         Rampage  .   (gloves unavailable)
Will     .....                  (boots unavailable)
Stlth    ++++......             (no amulet)
HPRegen  0.08/turn              (no ring)
MPRegen  0.12/turn              (no ring)

@: lethally poisoned (-6 -> -19), flying, very quick
A: very small, unfitting armour, see invisible, speed 3
a: no special abilities


You were in a sewer.
You visited 1 branch of the dungeon, and saw 3 of its levels.
You also visited: Sewer.

You collected 111 gold pieces.

Inventory:

Hand Weapons
 a - a +1 dagger
 e - a +2 dagger of venom (weapon)
Armour
 b - a +0 robe (worn)
Jewellery
 d - a cursed amulet of inaccuracy {unknown}
 j - an uncursed ring of stealth {unknown}
Scrolls
 h - a scroll of amnesia {unknown}
 i - a scroll of fog {unknown}
 m - a scroll of teleportation {unknown}
 n - 2 scrolls of identify {unknown}
 o - 2 scrolls of blinking {unknown}
 p - a scroll of random uselessness {unknown}
 q - a scroll of enchant weapon {unknown}
 s - a scroll of fear
Potions
 c - 2 potions of flight
 f - a potion of degeneration {unknown}
 g - 2 potions of berserk rage {unknown}
 k - a potion of might {unknown}
 l - 2 potions of cancellation {unknown}
 r - a potion of ambrosia {unknown}
 t - a potion of invisibility


   Skills:
 - Level 1.1 Short Blades
 + Level 4.3 Dodging
 * Level 6.8 Stealth
 - Level 2.6 Spellcasting
 * Level 5.3 Hexes


You had 3 spell levels left.
You knew the following spells:

 Your Spells              Type           Power        Failure   Level
q - Ensorcelled Hibernat  Hex/Ice        22%          10%         2
r - Corona                Hex            22%          1%          1
w - Confusing Touch       Hex            20%          6%          3

Your spell library contained the following spells:

 Spells                   Type           Power        Failure   Level
 Tukima's Dance           Hex            20%          6%          3
 Dazzling Flash           Conj/Hex       22%          19%         3


Dungeon Overview and Level Annotations

Branches:
Dungeon (3/15)              Sewer (1/1)

Altars:
Ru

Annotations:
D:3 1 transporter


Innate Abilities, Weirdness & Mutations

You are very small and have problems with some larger weapons.
You are too small for most types of armour.
You have supernaturally acute eyesight. (SInv)
You cover ground extremely quickly.


Message History

Press: ? - help, Shift-Dir - straight line, f/p - water moccasin
Aim: a water moccasin (chance to affect: 42%)
The water moccasin resists with some effort.
The water moccasin bites you.
Casting: Ensorcelled Hibernation (safe; 10% risk of failure)
Confirm with . or Enter, or press ? or * to list all spells.
Aiming: Ensorcelled Hibernation (safe; 10% risk of failure)
Press: ? - help, Shift-Dir - straight line, f/p - water moccasin
Aim: a water moccasin (chance to affect: 42%)
The water moccasin resists with some effort.
The water moccasin bites you. The water moccasin bites you!
* * * LOW HITPOINT WARNING * * *
You are lethally poisoned!
The water moccasin poisons you!
It was a potion of flight.
You feel very buoyant.
You fly up into the air.
* * * LOW HITPOINT WARNING * * *
You feel sick. The water moccasin bites you!
You die...

#########
#[?#.#=?#
#).#S#.:#
#.≈@#
##≈..##
#.≈.≈≈#
#..≈≈.##
#..≈#...#
#.≈###..##
#... #...#
#≈.# ##.≈#
#.. #≈.#


You could see a water moccasin.

Vanquished Creatures
  An orc wizard (D:3)
  6 adders
  A worm (D:2)
  2 dart slugs
  4 leopard geckos
  3 orcs (D:3)
  3 giant cockroaches
  5 hobgoblins
  5 jackals
  9 kobolds
  9 bats
  3 frilled lizards (D:1)
  5 goblins
  6 rats
62 creatures vanquished.

Notes
Turn   | Place    | Note
-------+----------+-------------------------------------------
     0 | D:1      | teolandon225 the Spriggan Enchanter began the quest for the
                  | Orb.
     0 | D:1      | Reached XP level 1. HP: 9/9 MP: 5/5
   178 | D:1      | Reached XP level 2. HP: 13/13 MP: 6/6
   181 | D:1      | Learned a level 2 spell: Ensorcelled Hibernation
   365 | D:1      | Reached skill level 5 in Stealth
  1146 | D:2      | Reached XP level 3. HP: 14/14 MP: 8/8
  2151 | D:2      | Reached XP level 4. HP: 21/21 MP: 5/9
  2237 | D:2      | Learned a level 3 spell: Confusing Touch
  2302 | D:3      | Found a sacrificial altar of Ru.
  2307 | D:3      | Reached skill level 6 in Stealth
  2316 | D:3      | Reached skill level 5 in Hexes
  2394 | D:3      | Found a glowing drain.
  2425 | D:3      | Reached XP level 5. HP: 13/24 MP: 2/10
  2764 | D:3      | Found a transporter.
  3039 | Sewer    | Entered a sewer
  3204 | Sewer    | Noticed a water moccasin
  3219 | Sewer    | HP: 1/24 [poisoned by a water moccasin]
  3219 | Sewer    | Mangled by a water moccasin

Illustrated notes

Levels and vault maps discovered:
D:1:      doesnt_arrival_eight_statues, layout_basic
D:2:      layout_loops_corners, minmay_puff
D:3:      gammafunk_wand_slinger, layout_basic, gup_sewer_entry_glass,
          kennysheep_crisscross, minmay_crystal_room,
          nicolae_ru_sacrificial_ziggurat
Sewer:    sewer_the_moccasin

Skill      XL: |  1  2  3  4 |
---------------+-------------+-----
Hexes          | 4 5 |  5.3
Stealth        | 5 6 |  6.8
Dodging        | 4 |  4.3
Short Blades   | |  1.1
Spellcasting   | |  2.6

Action                   |  1- 3 |  4- 6 || total
-------------------------+-------+-------++-------
Melee: Dagger            |    74 |    47 ||   121
 Cast: Ensorcelled Hiber |    21 |    20 ||    41
  Use: Scroll            |       |     2 ||     2
       Potion            |       |     1 ||     1
 Stab: Sleeping          |    19 |    16 ||    35
       Distracted        |     1 |       ||     1
Armor: Robe              |     8 |     5 ||    13
Dodge: Dodged            |    63 |    90 ||   153
